TOP OF THE 1ST |
Bristol Pirates batting - Pitching for Missoula Osprey : RHP Jorge Gallegos
|
Pitching: RHP Jorge Gallegos
|
|
Batting: LHB Randy Boone
|
0-0: Ball 1-0: Foul Ball, location: 2F 1-1: Ball 2-1: Ball 3-1: Base on Balls
|
Batting: RHB Pete Hutton
|
0-0: Ball 1-0: Ball Randy Boone steals 2nd, throwing error, E2 Randy Boone to third 2-0: SINGLE (Groundball, 5S, EV 66.3 MPH) (infield hit) Randy Boone scores
|
Batting: RHB Etsuro Hosokawa
|
0-0: Swinging Strike 0-1: Swinging Strike 0-2: Ball 1-2: Ball Pete Hutton steals 2nd base 2-2: Strikes out swinging
|
Batting: LHB Joe Wise
|
0-0: Ball Wild Pitch! Pete Hutton to third 1-0: Ball 2-0: Called Strike 2-1: Swinging Strike 2-2: Foul Ball, location: 2F 2-2: Foul Ball, location: 2F 2-2: Ball 3-2: Foul Ball, location: 2F 3-2: Foul Ball, location: 2F 3-2: Foul Ball, location: 2F 3-2: Strikes out swinging
|
Batting: RHB Randy Bergman
|
0-0: Called Strike 0-1: Ball 1-1: Foul Ball, location: 2F 1-2: Ball 2-2: Strikes out swinging
|
Top of the 1st over - 1 run, 1 hit, 1 error, 1 left on base; Bristol 1 - Missoula 0 |
BOTTOM OF THE 1ST |
Missoula Osprey batting - Pitching for Bristol Pirates : RHP Joe Simanton
|
Pitching: RHP Joe Simanton
|
|
Batting: SHB Roger Holmes
|
0-0: Foul Ball, location: 2F 0-1: Fly out, F9 (Line Drive, 9D, EV 105.6 MPH)
|
Batting: RHB Paul Schreiber
|
0-0: SINGLE (Groundball, P, EV 80.6 MPH) (infield hit)
|
Batting: SHB Evan Armagost
|
0-0: Called Strike 0-1: Foul Ball, location: 2F 0-2: Strikes out swinging
|
Batting: RHB Chad Mendoza
|
0-0: Ball 1-0: Ball 2-0: Fielders Choice at 2nd, U6 (Groundball, 6M, EV 82.5 MPH)
|
Bottom of the 1st over - 0 runs, 1 hit, 0 errors, 1 left on base; Bristol 1 - Missoula 0 |
TOP OF THE 2ND |
Bristol Pirates batting - Pitching for Missoula Osprey : RHP Jorge Gallegos
|
Batting: LHB Ruben Garza
|
0-0: Ball 1-0: Called Strike 1-1: Foul Ball, location: 2F 1-2: Foul Ball, location: 2F 1-2: Foul Ball, location: 2F 1-2: Fly out, F9 (Flyball, 9D, EV 86.9 MPH)
|
Batting: RHB Andrew DeRicco
|
0-0: Foul Ball, location: 2F 0-1: Ball 1-1: Fly out, F8 (Flyball, 8RM, EV 84.4 MPH)
|
Batting: RHB Gilberto Victoria
|
0-0: Ball 1-0: Foul Ball, location: 2F 1-1: Called Strike 1-2: Foul Ball, location: 2F 1-2: Foul Ball, location: 2F 1-2: Foul Ball, location: 2F 1-2: Foul Ball, location: 2F 1-2: Strikes out swinging
|
Top of the 2nd over - 0 runs, 0 hits, 0 errors, 0 left on base; Bristol 1 - Missoula 0 |
BOTTOM OF THE 2ND |
Missoula Osprey batting - Pitching for Bristol Pirates : RHP Joe Simanton
|
Batting: LHB Enrique Ponce
|
0-0: Ball 1-0: Ball 2-0: Ball 3-0: Base on Balls
|
Batting: RHB Ernesto Zamora
|
0-0: Ball 1-0: Ball 2-0: Ball 3-0: Called Strike 3-1: Base on Balls Enrique Ponce to second
|
Batting: SHB Ed Vargas
|
0-0: Ball 1-0: Hit by Pitch Enrique Ponce to third Ernesto Zamora to second
|
Batting: LHB Tae-geun Kwang
|
0-0: Fly out, F4 (Popup, 34S, EV 75.6 MPH)
|
Batting: RHB Zach Espinosa
|
0-0: Ball 1-0: Fly out, F7 (Flyball, 7S, EV 85.6 MPH)
|
Batting: SHB Roger Holmes
|
0-0: Foul Ball, location: 2F 0-1: Ball 1-1: Ball 2-1: SINGLE (Groundball, 3D, EV 94.4 MPH) Enrique Ponce scores Ernesto Zamora to third Ed Vargas to second Runner from 3rd tries for Home, throw by RF and OUT! 9-2
|
Bottom of the 2nd over - 1 run, 1 hit, 0 errors, 2 left on base; Bristol 1 - Missoula 1 |
TOP OF THE 3RD |
Bristol Pirates batting - Pitching for Missoula Osprey : RHP Jorge Gallegos
|
Batting: RHB Rob Colley
|
0-0: Ground out 6-3 (Groundball, 6, EV 86.3 MPH)
|
Batting: LHB Randy Boone
|
0-0: Called Strike 0-1: Called Strike 0-2: Ball 1-2: Strikes out swinging
|
Batting: RHB Pete Hutton
|
0-0: Foul Ball, location: 2F 0-1: Swinging Strike 0-2: Strikes out swinging
|
Top of the 3rd over - 0 runs, 0 hits, 0 errors, 0 left on base; Bristol 1 - Missoula 1 |
BOTTOM OF THE 3RD |
Missoula Osprey batting - Pitching for Bristol Pirates : RHP Joe Simanton
|
Batting: RHB Paul Schreiber
|
0-0: Foul Ball, location: 2F 0-1: Fly out, F4 (Line Drive, 4, EV 70.0 MPH)
|
Batting: SHB Evan Armagost
|
0-0: SINGLE (Groundball, 6S, EV 61.3 MPH) (infield hit)
|
Batting: RHB Chad Mendoza
|
0-0: Called Strike 0-1: Ball 1-1: Ball 2-1: Foul Ball, location: 2F 2-2: Strikes out looking
|
Batting: LHB Enrique Ponce
|
0-0: Ball 1-0: Called Strike 1-1: Ball 2-1: Ball 3-1: Foul Ball, location: 2F 3-2: Base on Balls Evan Armagost to second
|
Batting: RHB Ernesto Zamora
|
0-0: Ball 1-0: Ball 2-0: Called Strike 2-1: Foul Ball, location: 2F 2-2: Ball 3-2: Foul Ball, location: 2F 3-2: Foul Ball, location: 2F 3-2: Ground out 6-3 (Groundball, 6, EV 98.8 MPH)
|
Bottom of the 3rd over - 0 runs, 1 hit, 0 errors, 2 left on base; Bristol 1 - Missoula 1 |
TOP OF THE 4TH |
Bristol Pirates batting - Pitching for Missoula Osprey : RHP Jorge Gallegos
|
Batting: RHB Etsuro Hosokawa
|
0-0: Called Strike 0-1: SINGLE (Line Drive, 89M, EV 96.9 MPH)
|
Batting: LHB Joe Wise
|
0-0: Called Strike Etsuro Hosokawa is caught stealing 2nd base 2-6 0-1: Ball 1-1: Foul Ball, location: 2F 1-2: Ball 2-2: Ground out 4-3 (Groundball, 4, EV 92.5 MPH)
|
Batting: RHB Randy Bergman
|
0-0: Ball 1-0: Fly out, F9 (Flyball, 89D, EV 88.1 MPH)
|
Top of the 4th over - 0 runs, 1 hit, 0 errors, 0 left on base; Bristol 1 - Missoula 1 |
BOTTOM OF THE 4TH |
Missoula Osprey batting - Pitching for Bristol Pirates : RHP Joe Simanton
|
Batting: SHB Ed Vargas
|
0-0: Called Strike 0-1: Foul Ball, location: 2F 0-2: Ball 1-2: Foul Ball, location: 2F 1-2: Foul Ball, location: 2F 1-2: Ground out 4-3 (Groundball, 4S, EV 78.1 MPH)
|
Batting: LHB Tae-geun Kwang
|
0-0: Called Strike 0-1: Foul Ball, location: 2F 0-2: Ball 1-2: Foul Ball, location: 2F 1-2: Ground out U3 (Groundball, 13, EV 81.9 MPH)
|
Batting: RHB Zach Espinosa
|
0-0: Ball 1-0: Swinging Strike 1-1: Foul Ball, location: 2F 1-2: Foul Ball, location: 2F 1-2: Ball 2-2: Strikes out swinging
|
Bottom of the 4th over - 0 runs, 0 hits, 0 errors, 0 left on base; Bristol 1 - Missoula 1 |
TOP OF THE 5TH |
Bristol Pirates batting - Pitching for Missoula Osprey : RHP Jorge Gallegos
|
Batting: LHB Ruben Garza
|
0-0: Called Strike 0-1: Foul Ball, location: 2F 0-2: Foul Ball, location: 2F 0-2: Ground out 4-3 (Groundball, 34, EV 100.6 MPH)
|
Batting: RHB Andrew DeRicco
|
0-0: Ball 1-0: Called Strike 1-1: Foul Ball, location: 2F 1-2: Ball 2-2: Ball 3-2: Foul Ball, location: 2F 3-2: Strikes out looking
|
Batting: RHB Gilberto Victoria
|
0-0: Called Strike 0-1: Foul Ball, location: 2F 0-2: Strikes out looking
|
Top of the 5th over - 0 runs, 0 hits, 0 errors, 0 left on base; Bristol 1 - Missoula 1 |
BOTTOM OF THE 5TH |
Missoula Osprey batting - Pitching for Bristol Pirates : RHP Joe Simanton
|
Batting: SHB Roger Holmes
|
0-0: Ball 1-0: Ball 2-0: Ball 3-0: Base on Balls
|
Batting: RHB Paul Schreiber
|
0-0: Ball 1-0: Ball 2-0: Foul Ball, location: 2F 2-1: SINGLE (Line Drive, 56D, EV 108.8 MPH) Roger Holmes to second
|
Batting: SHB Evan Armagost
|
0-0: Ball 1-0: Ball 2-0: Foul Ball, location: 2F 2-1: Foul Ball, location: 2F 2-2: Ball 3-2: Foul Ball, location: 2F 3-2: DOUBLE (Flyball, 78D, EV 96.9 MPH) Roger Holmes scores Paul Schreiber to third
|
Batting: RHB Chad Mendoza
|
0-0: Called Strike 0-1: Swinging Strike 0-2: Foul Ball, location: 2F 0-2: Foul Ball, location: 2F 0-2: Ground out 6-3 (Groundball, 6, EV 87.5 MPH)
|
Batting: LHB Enrique Ponce
|
0-0: Ball 1-0: Called Strike 1-1: Ball 2-1: 3-RUN HOME RUN (Flyball, 9D, EV 95.6 MPH), Distance : 360 ft
|
Batting: RHB Ernesto Zamora
|
0-0: Swinging Strike 0-1: Ball 1-1: Foul Ball, location: 2F 1-2: Ball 2-2: Foul Ball, location: 2F 2-2: SINGLE (Line Drive, 6MD, EV 103.1 MPH)
|
Batting: SHB Ed Vargas
|
0-0: Ball Wild Pitch! Ernesto Zamora to second 1-0: Ball 2-0: Ball 3-0: Called Strike 3-1: Base on Balls
|
Batting: LHB Tae-geun Kwang
|
0-0: Ball 1-0: Ball 2-0: Called Strike 2-1: Called Strike 2-2: DOUBLE (Groundball, 5D, EV 95.6 MPH) Ernesto Zamora scores Ed Vargas to third Runner from 3rd tries for Home, SAFE, no throw by LF
|
Pitching: RHP Ian Ferrara
|
|
Batting: RHB Zach Espinosa
|
0-0: Foul Ball, location: 2F 0-1: Ball 1-1: Fly out, F3 (Popup, 3SF, EV 75.0 MPH)
|
Batting: SHB Roger Holmes
|
0-0: Called Strike 0-1: Called Strike 0-2: Ball 1-2: Ball 2-2: Foul Ball, location: 2F 2-2: Ball 3-2: Foul Ball, location: 2F 3-2: SINGLE (Groundball, 34D, EV 107.5 MPH) (infield hit) Tae-geun Kwang to third
|
Batting: RHB Paul Schreiber
|
0-0: Called Strike 0-1: Called Strike 0-2: Ball 1-2: Strikes out swinging
|
Bottom of the 5th over - 6 runs, 6 hits, 0 errors, 2 left on base; Bristol 1 - Missoula 7 |
TOP OF THE 6TH |
Bristol Pirates batting - Pitching for Missoula Osprey : RHP Jorge Gallegos
|
Batting: RHB Rob Colley
|
0-0: Called Strike 0-1: Foul Ball, location: 2F 0-2: Ball 1-2: Ball 2-2: Foul Ball, location: 2F 2-2: Ball 3-2: Foul Ball, location: 2F 3-2: Base on Balls
|
Batting: LHB Randy Boone
|
0-0: Ball 1-0: Fly out, F8 (Line Drive, 8LD, EV 101.9 MPH)
|
Batting: RHB Pete Hutton
|
0-0: Ball 1-0: Swinging Strike 1-1: Swinging Strike 1-2: Ball 2-2: Ball 3-2: Foul Ball, location: 2F 3-2: Foul Ball, location: 2F 3-2: Foul Ball, location: 2F 3-2: Strikes out looking
|
Pitching: RHP John Petersen
|
|
Batting: RHB Etsuro Hosokawa
|
0-0: Called Strike 0-1: Ball 1-1: Fielders Choice at 2nd, 6-4 (Groundball, 6, EV 93.1 MPH)
|
Top of the 6th over - 0 runs, 0 hits, 0 errors, 1 left on base; Bristol 1 - Missoula 7 |
BOTTOM OF THE 6TH |
Missoula Osprey batting - Pitching for Bristol Pirates : RHP Ian Ferrara
|
Batting: SHB Evan Armagost
|
0-0: Foul Ball, location: 2F 0-1: Foul Ball, location: 2F 0-2: Ball 1-2: Ground out 4-3 (Groundball, 4, EV 104.4 MPH)
|
Pitching: LHP Phil DeCamp
|
|
Batting: RHB Chad Mendoza
|
0-0: Swinging Strike 0-1: Called Strike 0-2: Ball 1-2: SINGLE (Groundball, 56D, EV 105.6 MPH)
|
Batting: LHB Enrique Ponce
|
0-0: Ball 1-0: Ball 2-0: Ball Passed Ball! Chad Mendoza to second 3-0: Called Strike 3-1: Foul Ball, location: 2F 3-2: Strikes out swinging
|
Batting: RHB Ernesto Zamora
|
0-0: Called Strike 0-1: SINGLE (Groundball, 3D, EV 102.5 MPH) Chad Mendoza to third Runner from 3rd tries for Home, throw by RF and OUT! 9-2
|
Bottom of the 6th over - 0 runs, 2 hits, 0 errors, 1 left on base; Bristol 1 - Missoula 7 |
TOP OF THE 7TH |
Bristol Pirates batting - Pitching for Missoula Osprey : RHP John Petersen
|
Batting: LHB Joe Wise
|
0-0: Called Strike 0-1: Ball 1-1: Swinging Strike 1-2: Ball 2-2: Foul Ball, location: 2F 2-2: Foul Ball, location: 2F 2-2: Strikes out swinging
|
Batting: RHB Randy Bergman
|
0-0: Called Strike 0-1: Called Strike 0-2: Ball 1-2: Ground out 5-3 (Groundball, 56, EV 86.9 MPH)
|
Batting: LHB Ruben Garza
|
0-0: SINGLE (Groundball, 34D, EV 105.6 MPH)
|
Batting: RHB Andrew DeRicco
|
0-0: Ball 1-0: Ball 2-0: Ball 3-0: Base on Balls Ruben Garza to second
|
Batting: RHB Gilberto Victoria
|
0-0: Ball 1-0: Foul Ball, location: 2F 1-1: Fielders Choice at 2nd, 6-4 (Groundball, 6, EV 80.0 MPH)
|
Top of the 7th over - 0 runs, 1 hit, 0 errors, 2 left on base; Bristol 1 - Missoula 7 |
BOTTOM OF THE 7TH |
Missoula Osprey batting - Pitching for Bristol Pirates : LHP Phil DeCamp
|
Batting: SHB Ed Vargas
|
0-0: Foul Ball, location: 2F 0-1: Ball 1-1: Swinging Strike 1-2: Foul Ball, location: 2F 1-2: Foul Ball, location: 2F 1-2: Strikes out looking
|
Pitching: LHP Norm Silveira-Wray
|
|
Batting: LHB Tae-geun Kwang
|
0-0: Called Strike 0-1: Ball 1-1: Called Strike 1-2: Fly out, F8 (Flyball, 8LM, EV 83.1 MPH)
|
Batting: RHB Zach Espinosa
|
0-0: Ball 1-0: Called Strike 1-1: Ball 2-1: Ball 3-1: Base on Balls
|
Batting: SHB Roger Holmes
|
0-0: Swinging Strike 0-1: Called Strike 0-2: Foul Ball, location: 2F 0-2: Ball 1-2: Hit by Pitch Zach Espinosa to second
|
Pinch Runner at 1st Steve Machol:
|
|
Batting: RHB Paul Schreiber
|
0-0: Swinging Strike 0-1: SINGLE (Groundball, 13S, EV 70.6 MPH) (infield hit) Zach Espinosa to third Steve Machol to second
|
Batting: SHB Evan Armagost
|
0-0: Swinging Strike 0-1: Ball 1-1: SINGLE (Groundball, 5S, EV 65.6 MPH) (infield hit) Zach Espinosa scores Steve Machol to third Paul Schreiber to second
|
Pitching: RHP Frank Morris
|
|
Pinch Hitting: RHB Edwin Romero
|
0-0: Called Strike 0-1: Called Strike 0-2: Strikes out swinging
|
Bottom of the 7th over - 1 run, 2 hits, 0 errors, 3 left on base; Bristol 1 - Missoula 8 |
TOP OF THE 8TH |
Bristol Pirates batting - Pitching for Missoula Osprey : RHP John Petersen
|
Now at 1B: Nate Neumann
|
|
Now at 2B: Edwin Romero
|
|
Batting: RHB Rob Colley
|
0-0: Swinging Strike 0-1: Foul Ball, location: 2F 0-2: Foul Ball, location: 2F 0-2: Ball 1-2: Foul Ball, location: 2F 1-2: Strikes out swinging, 2-3 out at first.
|
Pitching: LHP Heath Henderson
|
|
Batting: LHB Randy Boone
|
0-0: Ball 1-0: Foul Ball, location: 2F 1-1: Foul Ball, location: 2F 1-2: Strikes out swinging
|
Batting: RHB Pete Hutton
|
0-0: Ball 1-0: Swinging Strike 1-1: Foul Ball, location: 2F 1-2: Strikes out swinging
|
Top of the 8th over - 0 runs, 0 hits, 0 errors, 0 left on base; Bristol 1 - Missoula 8 |
BOTTOM OF THE 8TH |
Missoula Osprey batting - Pitching for Bristol Pirates : RHP Frank Morris
|
Pinch Hitting: RHB Hyeok Shon
|
0-0: Ball 1-0: Called Strike 1-1: Ground out 6-3 (Groundball, 56, EV 106.9 MPH)
|
Batting: RHB Ernesto Zamora
|
0-0: Foul Ball, location: 2F 0-1: Ball 1-1: DOUBLE (Flyball, 89D, EV 101.9 MPH)
|
Batting: SHB Ed Vargas
|
0-0: Called Strike 0-1: Ball 1-1: Swinging Strike 1-2: Ball 2-2: Strikes out swinging
|
Batting: LHB Tae-geun Kwang
|
0-0: Ball 1-0: Ball 2-0: Called Strike 2-1: SINGLE (Groundball, 4MD, EV 103.8 MPH) (infield hit) Ernesto Zamora to third
|
Pitching: RHP Doug Rawson
|
|
Batting: RHB Zach Espinosa
|
0-0: Ball 1-0: Swinging Strike 1-1: Foul Ball, location: 2F 1-2: Strikes out swinging
|
Bottom of the 8th over - 0 runs, 2 hits, 0 errors, 2 left on base; Bristol 1 - Missoula 8 |
TOP OF THE 9TH |
Bristol Pirates batting - Pitching for Missoula Osprey : LHP Heath Henderson
|
Now in CF: Hyeok Shon
|
|
Batting: RHB Etsuro Hosokawa
|
0-0: Foul Ball, location: 2F 0-1: Ground out 4-3 (Groundball, 34, EV 78.8 MPH)
|
Batting: LHB Joe Wise
|
0-0: Foul Ball, location: 2F 0-1: SINGLE (Groundball, 6S, EV 71.3 MPH) (infield hit)
|
Batting: RHB Randy Bergman
|
0-0: Foul Ball, location: 2F 0-1: Fielders Choice at 2nd, 4-6 (Groundball, 4, EV 101.9 MPH)
|
Batting: LHB Ruben Garza
|
0-0: Foul Ball, location: 2F 0-1: Ball 1-1: Ball 2-1: Ball 3-1: Base on Balls Randy Bergman to second
|
Batting: RHB Andrew DeRicco
|
0-0: Reached via error on a dropped throw from SS, E4 (Groundball, 6, EV 93.1 MPH) Randy Bergman to third Ruben Garza to second
|
Batting: RHB Gilberto Victoria
|
0-0: Ball 1-0: Called Strike 1-1: Ball 2-1: Swinging Strike 2-2: Foul Ball, location: 2F 2-2: Foul Ball, location: 2F 2-2: Ball Passed Ball! Randy Bergman scores Ruben Garza to third Andrew DeRicco to second 3-2: Strikes out swinging
|
Top of the 9th over - 1 run, 1 hit, 1 error, 2 left on base; Bristol 2 - Missoula 8 |
|